 Dungeon Crawl Stone Soup version 0.19-a0-1908-g43c011f (webtiles) character file.

497 Yakui the Spear-Bearer (level 7, -3/53 HPs)
             Began as a Merfolk Gladiator on Oct 22, 2016.
             Slain by a bullfrog skeleton (5 damage)
             ... on level 5 of the Dungeon.
             The game lasted 00:09:41 (2951 turns).

Yakui the Spear-Bearer (Merfolk Gladiator)          Turns: 2951, Time: 00:09:42

Health: -3/53      AC:  9    Str: 13 (15) XL:     7   Next: 15%
Magic:  7/7        EV: 13    Int: 11 (12) God:
Gold:   144        SH:  0    Dex: 15 (17) Spells: 0 memorised, 6 levels left

rFire  . . .     SeeInvis .     x - +0 scythe (slice)
rCold  . . .     Gourm    .     z - +2 ring mail {MR+}
rNeg   . . .     Faith    .     (shield currently unavailable)
rPois  .         Spirit   .     c - +0 helmet
rElec  .         Reflect  .     (no cloak)
rCorr  .         Harm     .     (no gloves)
MR     +....                    h - +0 pair of boots
Stlth  +.........               j - amulet of rage
                                (no ring)
                                (no ring)

@: brilliant
A: change form in water, swift swim, stealthy swim
a: Evoke Berserk Rage


You were on level 5 of the Dungeon.
You were not hungry.

You visited 1 branch of the dungeon, and saw 5 of its levels.

You collected 144 gold pieces.

Inventory:

Hand Weapons
 a - a +0 trident
 x - a +0 scythe of slicing (weapon)
Missiles
 d - 3 throwing nets (quivered)
Armour
 c - a +0 helmet (worn)
 h - a +0 pair of boots (worn)
 z - a +2 ring mail of magic resistance (worn)
Jewellery
 j - an amulet of rage (around neck)
 m - an uncursed ring of flight {unknown}
Wands
 y - a wand of confusion (48/48)
Scrolls
 e - a scroll of identify
 q - 4 scrolls of remove curse
 r - 3 scrolls of teleportation
Potions
 g - a potion of degeneration
 i - a potion of lignification {unknown}
 k - a potion of cancellation {unknown}
 n - 4 potions of flight
 o - a potion of invisibility {unknown}
 p - a potion of ambrosia {unknown}
 s - a potion of brilliance
 t - a potion of cure mutation {unknown}
 u - a potion of agility {unknown}
Comestibles
 b - 2 meat rations
 f - 6 bread rations
 l - a beef jerky
 v - 2 chunks of flesh


   Skills:
 + Level 3.8 Fighting
 * Level 8.1 Polearms
 - Level 2.0 Throwing
 + Level 5.1 Dodging
 - Level 2.4 Stealth
   Level 2.8 Shields


You had 6 spell levels left.
You didn't know any spells.

Dungeon Overview and Level Annotations

Branches:
Dungeon (5/15)
 Temple: D:4-7

Altars:
Fedhas
Kikubaaqudgha


Message History

There was something very wrong with that liquid.
You feel weakened.
You feel dopey.
You feel clumsy.
The bullfrog skeleton barely misses you.
The adder barely misses you.
You miss the adder.
The adder is heavily wounded.
The bullfrog skeleton misses you. The adder completely misses you.
The bullfrog skeleton closely misses you.
The adder completely misses you.
You miss the adder.
The adder is heavily wounded.
The bullfrog skeleton hits you.
* * * LOW HITPOINT WARNING * * *
The adder misses you.
The bullfrog skeleton hits you but does no damage.
The adder misses you.
You closely miss the adder.
The adder is heavily wounded.
The bullfrog skeleton hits you.
You die...

.................<
#.###.###..##.....).
#....#...........
.................
........$......#..
............##.....
..........###....
......#..Z.......
.##.....S@<##.#.
...#####........
.#.# ......#(. #.
###....# # .$[...
.###.## )# ... ## ##


You could see an adder and a bullfrog skeleton.

Vanquished Creatures
  Sigmund (D:2)
  An ogre (D:4)
  An orc priest (D:2)
  An orc wizard (D:5)
  4 gnolls (D:3)
  7 adders
  An ooze (D:3)
  2 worms
  5 leopard geckos
  11 orcs
  3 giant cockroaches
  9 goblins
  9 hobgoblins
  4 jackals
  3 bats
  A frilled lizard (D:3)
  A kobold (D:1)
  2 quokka skeletons (D:4)
  9 rats
75 creatures vanquished.

Notes
Turn   | Place    | Note
-------+----------+-------------------------------------------
     0 | D:1      | Yakui the Merfolk Gladiator began the quest for the Orb.
     0 | D:1      | Reached XP level 1. HP: 16/16 MP: 1/1
   396 | D:1      | Reached skill level 1 in Stealth
   396 | D:1      | Reached XP level 2. HP: 23/23 MP: 2/2
   741 | D:2      | Reached skill level 5 in Polearms
   741 | D:2      | Reached XP level 3. HP: 28/28 MP: 3/3
  1166 | D:2      | Noticed Sigmund
  1167 | D:2      | Reached XP level 4. HP: 34/34 MP: 4/4
  1475 | D:2      | Found an ancient bone altar of Kikubaaqudgha.
  1622 | D:2      | Reached skill level 6 in Polearms
  1622 | D:2      | Reached skill level 1 in Shields
  1622 | D:2      | Reached XP level 5. HP: 25/41 MP: 5/5
  1841 | D:2      | Killed Sigmund
  1841 | D:2      | Reached skill level 7 in Polearms
  1841 | D:2      | Reached XP level 6. HP: 47/47 MP: 6/6
  2332 | D:4      | Reached skill level 5 in Dodging
  2332 | D:4      | Reached XP level 7. HP: 29/53 MP: 7/7
  2494 | D:4      | Reached skill level 8 in Polearms
  2589 | D:4      | Found a blossoming altar of Fedhas.
  2847 | D:5      | Entered Level 5 of the Dungeon
  2950 | D:5      | HP: 1/53 [bullfrog skeleton (4)]
  2951 | D:5      | Slain by a bullfrog skeleton

Vault maps used:
D:1:      dpeg_arrival_more_subterranean_lakeside_camping
D:2:      old_standard_altar, minivault_4, nicolae_underground_beach,
          uniq_sigmund
D:3:      st_stairs_8, lemuel_flame_loot_1
D:4:      nicolae_overflow_hidden_temple, first_bread, st_stairs_11
D:5:      kennysheep_steamy, portal_sewer_entry_a, kennysheep_nub

Skill      XL: |  1  2  3  4  5  6  7 |
---------------+----------------------+-----
Stealth        | 1 2 |  2.4
Polearms       | 5 6 7 8 |  8.1
Fighting       | 3 |  3.8
Shields        | 1 2 |  2.8
Dodging        | 5 |  5.1
Throwing       | |  2.0

Action                   |  1- 3 |  4- 6 |  7- 9 || total
-------------------------+-------+-------+-------++-------
Melee: Trident           |    76 |    82 |       ||   158
       Scythe            |       |    51 |    32 ||    83
 Abil: Evoke Berserk Rag |       |     1 |       ||     1
  Use: Scroll            |       |     7 |     2 ||     9
       Potion            |       |       |     2 ||     2
 Stab: Sleeping          |     1 |     2 |     1 ||     4
  Eat: Chunk             |     1 |     5 |     2 ||     8
Armor: Leather armour    |    13 |     4 |       ||    17
       Ring mail         |       |    30 |    14 ||    44
Dodge: Dodged            |    45 |    77 |    68 ||   190
Block: Buckler           |       |     7 |       ||     7
